Map: Yellowjacket

Players

Sky

  • Race: Terran Terran
  • League: Master
  • Spawn Location: 3:00

Vompidoo

  • Race: Protoss Protoss
  • Spawn Location: 1:00

Alexandre - Winner!

  • Race: Zerg Zerg
  • Spawn Location: 7:00

theCrackFox - Winner!

  • Race: Zerg Zerg
  • League: Platinum
  • Spawn Location: 9:00

VOD

Have the link to the VOD?

Description

Time

  • Played on: Sept. 15, 2026, 7:15 a.m.
  • Length: 6:39
Show
View Real Time Build Order
Export as new Build Order

Sky Terran 

Build Orders:  

Get SALT Encoding   

  8  0:00  SCV  
  9  0:13  SCV  
  10  0:25  SCV  
  11  0:37  SCV  
  11  0:39  Supply Depot  
  12  0:49  SCV  
  13  1:02  Barracks  
  13  1:03  SCV  
  14  1:08  Refinery  
  14  1:15  SCV  
  15  1:27  SCV  
  16  1:36  Refinery  
  16  1:37  Supply Depot  
  16  1:39  SCV  
  17  1:51  Marine  
  17  1:53  SCV  
  19  2:06  SCV  
  20  2:10  Factory  
  20  2:14  Marine  
  21  2:19  SCV  
  22  2:32  Barracks Reactor  
  22  2:34  SCV  
  23  2:52  SCV  
  23  2:56  Starport  
  24  3:21  Barracks Tech Lab  
  24  3:32  Hellion x2  
  28  3:45  Stimpack  
  28  3:48  Supply Depot  
  28  4:00  Hellion x2  
  23  4:42  Hellion  
  25  4:49  Supply Depot  
  25  5:03  Marauder  
  27  5:11  Hellion x2  
  31  5:25  Marauder  
  33  5:34  Hellion x2  
  37  5:38  Armory  
  37  5:41  Factory  
  37  5:43  Factory  
  37  5:46  Supply Depot x2  
  37  5:47  Orbital Command  
  37  5:58  Supply Depot  
  37  6:08  Hellion x2  
  37  6:33  Factory Tech Lab  
Show
View Real Time Build Order
Export as new Build Order

Vompidoo Protoss 

Build Orders:  

Get SALT Encoding   

  8  0:00  Probe (Chrono Boost)  
  9  0:11  Probe (Chrono Boost)  
  10  0:18  Probe  
  11  0:30  Probe  
  11  0:33  Pylon  
  13  0:42  Probe  
  13  0:54  Probe (Chrono Boost)  
  14  0:57  Gateway  
  14  1:07  Probe (Chrono Boost)  
  14  1:10  Assimilator  
  15  1:14  Probe (Chrono Boost)  
  16  1:21  Probe  
  17  1:26  Assimilator  
  17  1:33  Probe  
  18  1:45  Cybernetics Core, Probe  
  19  1:52  Pylon  
  19  1:57  Probe (Chrono Boost)  
  20  2:09  Probe (Chrono Boost)  
  21  2:17  Probe (Chrono Boost)  
  21  2:21  Stargate  
  22  2:23  Probe  
  23  2:36  Probe  
  24  2:48  Probe  
  25  2:56  Nexus  
  25  3:05  Void Ray  
  29  3:13  Pylon  
  29  3:19  Assimilator  
  29  3:23  Assimilator  
  29  3:31  Probe  
  29  3:32  Shield Battery  
  30  3:43  Probe  
  31  4:07  Probe  
  31  4:09  Probe  
  28  4:19  Probe  
  28  4:21  Probe  
  22  4:38  Probe x2  
  22  4:45  Pylon  
  23  4:51  Probe x2  
  25  5:03  Probe  
Show
View Real Time Build Order
Export as new Build Order

Alexandre Zerg - Winner!

Build Orders: 1 Base Baneling Bust, Pool First 

Get SALT Encoding   

  8  0:02  Drone  
  9  0:12  Drone  
  10  0:16  Drone  
  11  0:25  Drone  
  12  0:48  Spawning Pool  
  11  0:50  Drone, Extractor  
  11  0:54  Drone  
  12  1:05  Overlord  
  12  1:23  Drone x2  
  12  1:24  Drone  
  15  1:34  Drone  
  16  1:46  Zergling x2  
  17  1:54  Overlord  
  17  1:58  Queen  
  19  2:04  Metabolic Boost  
  19  2:10  Zergling x2  
  19  2:14  Zergling x2  
  21  2:26  Zergling x2  
  22  2:35  Baneling Nest  
  21  2:51  Zergling x4  
  21  2:54  Extractor  
  21  2:56  Drone  
  23  3:02  Lair  
  23  3:04  Zergling x2  
  24  3:23  Baneling x2  
  24  3:24  Baneling  
  24  3:30  Zergling x8  
  23  4:12  Zergling x4  
  23  4:13  Zergling x2  
  24  4:35  Spire  
  23  4:51  Drone x3  
  22  5:38  Baneling x3  
  22  5:39  Baneling x2  
  22  5:40  Baneling x2  
  22  5:43  Mutalisk x2  
  26  5:59  Mutalisk x2  
  26  6:04  Overlord  
  27  6:07  Drone  
  28  6:23  Hatchery  
  27  6:28  Extractor  
  27  6:32  Extractor  
Show
View Real Time Build Order
Export as new Build Order

theCrackFox Zerg - Winner!

Build Orders: Pool First 

Get SALT Encoding   

  8  0:01  Drone  
  9  0:14  Drone  
  9  0:21  Drone  
  11  0:31  Drone  
  11  0:35  Extractor  
  11  0:40  Drone  
  12  0:53  Spawning Pool  
  11  1:05  Overlord  
  11  1:18  Drone  
  11  1:24  Drone  
  13  1:27  Drone  
  14  1:42  Metabolic Boost  
  14  2:00  Queen  
  16  2:09  Zergling x2  
  16  2:11  Zergling x2  
  18  2:17  Overlord  
  18  2:33  Zergling x4  
  20  2:41  Zergling x2  
  21  2:51  Zergling x2  
  22  3:04  Hatchery  
  21  3:12  Zergling x4  
  23  3:23  Zergling x2  
  23  3:24  Zergling x4  
  26  3:43  Overlord  
  22  4:27  Zergling x2, Spore Crawler  
  22  4:28  Zergling x12, Spore Crawler  
  20  4:59  Zergling x2  
  23  5:00  Zergling x10  
  25  5:14  Queen  
  27  5:22  Drone  
  26  5:39  Spine Crawler  
  26  5:41  Zergling x4  
  13  6:37  Roach Warren  
Tags
 
Add a new tag
Caveats
  • Supply blocks, unpowered buildings, or Contaminate may cause inaccurate times.
  • Supply counts are checked every 10 seconds.